 Dungeon Crawl Stone Soup version 0.23.2-1-ga50397a6bc (webtiles) character file.

Game seed: 17334984446472569523

104 Freyura the Sneak (level 4, -4/30 HPs)
             Began as an Octopode Assassin on Apr 28, 2019.
             Was an Initiate of Ru.
             Slain by Grinder (8 damage)
             ... while paralysed by Grinder
             ... on level 3 of the Dungeon.
             The game lasted 00:05:37 (1565 turns).

Freyura the Sneak (Octopode Assassin)               Turns: 1565, Time: 00:05:37

Health: -4/30      AC:  1    Str: 10    XL:     4   Next: 80%
Magic:  4/4        EV:  2    Int: 13    God:    Ru [......]
Gold:   78         SH:  0    Dex: 14    Spells: 3/3 levels left

rFire    . . .     SeeInvis .   a - +2 dagger
rCold    . . .     Gourm    .   (no shield)
rNeg     . . .     Faith    .   (helmet restricted)
rPois    .         Spirit   .   (no amulet)
rElec    .         Reflect  .   (no ring)
rCorr    .         Harm     .   (no ring)
MR       .....                  (no ring)
Stlth    ++++......             (no ring)
HPRegen  0.10/turn              (no ring)
MPRegen  0.09/turn              (no ring)
                                (no ring)
                                (no ring)

@: paralysed
A: almost no armour, stealthy swim, amphibious, 8 rings, constrict 8, camouflage
1, gelatinous body 1
a: Renounce Religion


You were on level 3 of the Dungeon.
You worshipped Ru.
Ru was noncommittal.
You were not hungry.

You visited 1 branch of the dungeon, and saw 3 of its levels.

You collected 78 gold pieces.

Inventory:

Hand Weapons
 a - a +2 dagger (weapon)
 b - a +0 blowgun
Missiles
 c - 8 poisoned needles
 d - 2 curare-tipped needles
Scrolls
 e - a scroll of magic mapping {unknown}
 i - 2 scrolls of identify {unknown}
 j - a scroll of remove curse {unknown}
 l - a scroll of enchant weapon {unknown}
Potions
 g - 2 potions of curing {unknown}
 h - a potion of brilliance {unknown}
 k - a potion of degeneration {unknown}
Comestibles
 f - 4 rations


   Skills:
 + Level 2.7 Fighting
 * Level 3.3 Short Blades
 - Level 2.0 Throwing
 + Level 2.0 Dodging
 + Level 6.1 Stealth


You had 3 spell levels left.
You didn't know any spells.
Your spell library was empty.

Dungeon Overview and Level Annotations

Branches:
Dungeon (3/15)

Altars:
Cheibriados
Dithmenos
Elyvilon
Ru
Trog
Wu Jian
Xom
The Shining One

Annotations:
D:3 Grinder


Innate Abilities, Weirdness & Mutations

You cannot wear most types of armour.
You are very stealthy in the water. (Stealth+)
You are amphibious.
You can wear up to eight rings at the same time.
You can use your tentacles to constrict eight enemies at once.
Your skin changes colour to match your surroundings (Stealth+).
Your rubbery body absorbs attacks. (AC +1, EV +1)


Message History

There is a stone staircase leading up here.
There is a stone staircase leading down here.
Items here: †††† a rat corpse x2; a giant cockroach corpse; a jackal corpse
f - 4 rations (gained 1)
Found a large glass ring.
Grinder shouts!
Grinder says, "Don't move a muscle."
You barely miss Grinder. Your grab misses Grinder. Your squeeze misses Grinder.
Grinder gestures at you.
You suddenly lose the ability to move!
Grinder gestures at you. Pain shoots through your body! Grinder hits you.
You writhe in agony.
Grinder hits you!
* * * LOW HITPOINT WARNING * * *
You writhe in agony.
* * * LOW HITPOINT WARNING * * *
Grinder hits you!
You die...

#.# ..#.. #.# #.#.# #
#######.###...# ..
#....$.....#.#
#.#...(...##...### ##
........$........##....
#.!......#...........
#......#.#)....##)... #
#..5@..#.#..##.# ### #.
##.#........##.# #. ..
#####.##.##.# ##.######
#.......# ........#
####÷#### #.#.)..###
#.# #........# #.#
#........# #####.#
##.......#####.....#


You could see Grinder.

Vanquished Creatures
  3 adders (D:2)
  2 oozes
  A worm (D:2)
  4 dart slugs
  A ball python (D:1)
  5 bats
  2 giant cockroaches
  7 goblins
  5 hobgoblins
  3 jackals (D:3)
  9 kobolds
  3 frilled lizards
  10 rats
55 creatures vanquished.

Notes
Turn   | Place    | Note
-------+----------+-------------------------------------------
     0 | D:1      | Freyura the Octopode Assassin began the quest for the Orb.
     0 | D:1      | Reached XP level 1. HP: 14/14 MP: 1/1
    54 | D:1      | Reached XP level 2. HP: 19/19 MP: 2/2
   276 | D:1      | Reached XP level 3. HP: 24/24 MP: 3/3
   552 | D:2      | Found a bloodstained altar of Trog.
   552 | D:2      | Found a shimmering altar of Xom.
   552 | D:2      | Found a sacrificial altar of Ru.
   552 | D:2      | Found a glowing golden altar of the Shining One.
   559 | D:2      | Became a worshipper of Ru the Awakened
   677 | D:2      | Reached XP level 4. HP: 20/30 MP: 4/4
   780 | D:2      | Found a shadowy altar of Dithmenos.
   813 | D:2      | Found an ornate altar of the Wu Jian Council.
   818 | D:2      | Found a snail-covered altar of Cheibriados.
   876 | D:2      | Reached skill level 6 in Stealth
   975 | D:2      | Found a white marble altar of Elyvilon.
  1299 | D:3      | Noticed Grinder
  1561 | D:3      | Paralysed by Grinder for 4 turns
  1565 | D:3      | Slain by Grinder

Skill      XL: |  1  2  3  4 |
---------------+-------------+-----
Short Blades   | 3 |  3.3
Stealth        | 6 |  6.1
Dodging        | 2 |  2.0
Fighting       | |  2.7
Throwing       | |  2.0

Action                   |  1- 3 |  4- 6 || total
-------------------------+-------+-------++-------
Melee: Dagger            |    53 |    57 ||   110
       Constrict         |    14 |    15 ||    29
       Tentacles         |     9 |     5 ||    14
 Stab: Sleeping          |     8 |     4 ||    12
       Distracted        |       |     1 ||     1
  Eat: Chunk             |       |     2 ||     2
Armor: Skin              |     8 |     2 ||    10
Dodge: Dodged            |    41 |    26 ||    67
